 Dungeon Crawl Stone Soup version 0.24.0-13-gcf9b3192b9 (webtiles) character file.

Game seed: 5607484643789352984, levelgen mode: deterministic

97 Monsterracer the Ruffian (level 4, 0/37 HPs)
             Began as a Ghoul Venom Mage on Nov 7, 2019.
             Was an Initiate of Cheibriados.
             Slain by an ogre
             ... wielding a +0 giant spiked club
              (6 damage)
             ... on level 3 of the Dungeon.
             The game lasted 00:02:15 (2360 turns).

Monsterracer the Ruffian (Ghoul Venom Mage)         Turns: 2360, Time: 00:02:15

Health: 0/37       AC:  5    Str: 13    XL:     4   Next: 68%
Magic:  5/5        EV: 16    Int: 11    God:    Cheibriados [......]
Gold:   102        SH:  0    Dex: 15    Spells: 6/6 levels left

rFire    . . .     SeeInvis .     - Unarmed
rCold    + . .     Gourm    .   (no shield)
rNeg     + + +     Faith    .   h - +0 ring mail
rPois    ∞         Spirit   .   (no helmet)
rElec    .         Reflect  .   (no cloak)
rCorr    .         Harm     .   (no gloves)
MR       .....                  (no boots)
Stlth    ++........             (no amulet)
HPRegen  0.00/turn              (no ring)
MPRegen  0.09/turn              (no ring)

@: agile, rotting, very slow
A: rotting body, claws 1, carnivore, cold resistance 1, negative energy
resistance 3, inhibited regeneration, torment resistance, unbreathing
a: Bend Time, Renounce Religion


You were on level 3 of the Dungeon.
You worshipped Cheibriados.
Cheibriados was noncommittal.
You were not hungry.

You visited 1 branch of the dungeon, and saw 3 of its levels.

You collected 102 gold pieces.

Inventory:

Armour
 h - a +0 ring mail (worn)
   (You found it on level 1 of the Dungeon)
 i - a +0 pair of gloves
   (You found it on level 1 of the Dungeon)
Scrolls
 m - a scroll of magic mapping
 r - 3 scrolls of remove curse
 t - a scroll of teleportation {!r}
Potions
 l - a potion of flight
Comestibles
 c - 2 rations
 d - 3 chunks of flesh


   Skills:
 + Level 2.3 Fighting
 - Level 1.7 Dodging
 - Level 2.1 Stealth
 * Level 3.6 Unarmed Combat
 - Level 1.7 Spellcasting
   Level 0.7 Conjurations
   Level 3.0 Poison Magic
 + Level 0.1 Invocations


You had 6 spell levels left.
You didn't know any spells.
Your spell library contained the following spells:

 Spells                   Type           Power        Failure   Level  Hunger
 Sting                    Conj/Pois      #...         30%         1    ##.....
 Poisonous Vapours        Pois/Air       #.....       47%         2    ###....
 Mephitic Cloud           Conj/Pois/Air  #.......     75%         3    ####...
 Olgreb's Toxic Radiance  Pois           #.......     88%         4    #####..
 Venom Bolt               Conj/Pois      #.........   100%        5    ######.


Dungeon Overview and Level Annotations

Branches:
Dungeon (3/15)

Altars:
Cheibriados


Innate Abilities, Weirdness & Mutations

Your body is rotting away.
You thrive on raw meat.
You are immune to poison.
You have sharp fingernails.
You are carnivorous and can eat meat at any time.
Your flesh is cold resistant. (rC+)
You are immune to negative energy. (rN+++)
You do not regenerate when monsters are visible.
You are immune to unholy pain and torment.
You can survive without breathing.


Message History

Drop what? 13/52 slots (_ for help) (? for menu, Esc to quit)
You drop 2 potions of berserk rage {!q}.
The goblin closely misses you.
You scratch the goblin.
You kill the goblin!
Cheibriados appreciates the change of pace.
No target in view!
No target in view!
You see here a goblin corpse.
You butcher the goblin corpse.
d - a chunk of flesh You see here a goblin skeleton.
As you read the scroll of identify, it crumbles to dust.
g - a scroll of magic mapping;
m - a scroll of magic mapping
g - a scroll labeled VEDEGI EMNOICH
As you read the scroll of identify, it crumbles to dust.
k - a scroll of teleportation;
t - a scroll of teleportation
As you read the scroll of identify, it crumbles to dust.
g - a scroll of amnesia;
o - a scroll of amnesia
g - a scroll labeled WUUDWY ZYUTH
Okay, then.
Forget Sting, freeing 1 spell level for a total of 6?
Your memory of Sting unravels.
As you read the scroll labeled VETEIR CILUTA, it crumbles to dust.
It is a scroll of enchant weapon.
You aren't carrying any weapons that can be enchanted.
p - a scroll of enchant weapon Drop what? 11/52 slots (_ for help) (? for menu, Esc to quit)
You drop a scroll of enchant weapon.
As you read the scroll labeled MIUHAA WUUFUEV, it crumbles to dust.
You feel blessed for a moment.
It was a scroll of remove curse.
r - 3 scrolls of remove curse Unknown command.
As you read the scroll labeled WUUDWY ZYUTH, it crumbles to dust.
You assume a fearsome visage.
Nothing appears to happen.
It was a scroll of fear.
As you read the scroll labeled NOARAABIRI, it crumbles to dust.
Your claws glow mottled magenta for a moment.
It was a scroll of random uselessness.
Found a runed hunting sling.
You see here a runed hunting sling.
a - a viscous white potion You now have 102 gold pieces (gained 9).
Found a stone staircase leading down.
You open the door.
There is an open door here.
A hobgoblin comes into view. It is wielding a +0 club.
Okay, then.
The hobgoblin shouts!
Found a robe.
The hobgoblin hits you with a +0 club.
You closely miss the hobgoblin.
The hobgoblin hits you but does no damage.
You claw the hobgoblin!
You kill the hobgoblin!
Cheibriados appreciates the change of pace.
No target in view!
No target in view!
Things that are here:
a +0 club; a hobgoblin corpse No target in view!
No target in view!
You butcher the hobgoblin corpse.
d - 3 chunks of flesh (gained 2)
Things that are here:
a +0 club; a hobgoblin skeleton
Things that are here:
a +0 club; a hobgoblin skeleton An ogre comes into view.
It is wielding a +0 giant spiked club.
The ogre shouts!
The ogre barely misses you.
An ogre is nearby!
You scratch the ogre.
The ogre is lightly wounded.
You completely miss the ogre.
The ogre is lightly wounded.
The ogre closely misses you.
You barely miss the ogre.
The ogre is lightly wounded.
The ogre hits you with a +0 giant spiked club!
You scratch the ogre.
The ogre is lightly wounded.
You scratch the ogre but do no damage.
The ogre is lightly wounded.
The ogre barely misses you.
You claw the ogre!
The ogre is heavily wounded.
The ogre hits you with a +0 giant spiked club!!
Ouch! That really hurt!
* * * LOW HITPOINT WARNING * * *
It was a potion of agility.
You feel agile all of a sudden.
You aren't carrying any items that you can evoke.
You claw the ogre!
The ogre is severely wounded.
The ogre completely misses you.
You scratch the ogre.
The ogre is almost dead.
The ogre hits you with a +0 giant spiked club.
You die...

#######.# #.# #.# #.#
######.#######
#.......##...#
#.####..#.....
######### #.....)....
#....O@.##.......#.....
#.#####.#####....##...#
#..............#####
#.##.######...# #
#.##.# ##.## #.##.##.#
#. #.......# #. ####
####.#### ##+## #...
#.# ##...###.##


You could see an ogre.

Vanquished Creatures
  Natasha (D:2)
  2 worms (D:2 D:3)
  5 dart slugs (D:1 D:2)
  3 leopard geckos (D:1 D:2)
  7 bats (D:1 D:2)
  12 goblins (D:1 D:2 D:3)
  9 hobgoblins (D:1 D:2 D:3)
  2 kobolds (D:1 D:2)
  3 frilled lizards (D:1 D:2)
  6 rats (D:1 D:2)
50 creatures vanquished.

Notes
Turn   | Place    | Note
-------+----------+-------------------------------------------
     0 | D:1      | Monsterracer the Ghoul Venom Mage began the quest for the
                  | Orb.
     0 | D:1      | Reached XP level 1. HP: 14/14 MP: 2/2
    32 | D:1      | HP: 7/14 [goblin (2)]
   299 | D:1      | Reached skill level 1 in Unarmed Combat
   403 | D:1      | Reached XP level 2. HP: 22/22 MP: 3/3
   448 | D:1      | Reached skill level 1 in Fighting
   671 | D:1      | Reached XP level 3. HP: 20/28 MP: 4/4
  1131 | D:2      | HP: 14/28 [dart slug (3)]
  1470 | D:2      | Noticed Natasha
  1482 | D:2      | HP: 12/29 [Natasha (6)]
  1487 | D:2      | HP: 12/29 [Natasha (6)]
  1491 | D:2      | Killed Natasha
  1491 | D:2      | Reached XP level 4. HP: 9/36 MP: 5/5
  1828 | D:2      | Found a snail-covered altar of Cheibriados.
  1884 | D:2      | Became a worshipper of Cheibriados the Contemplative
  2350 | D:3      | Noticed an ogre
  2357 | D:3      | HP: 6/37 [ogre/+0 giant spiked club (20)]
  2360 | D:3      | Slain by an ogre

Levels and vault maps discovered:
D:1:      scummos_arrival_gate, layout_rooms
D:2:      layout_loops_ring, kennysheep_slug_shrine, minmay_goblin_kobold_house,
          uniq_natasha
D:3:      minmay_general_purpose_star, layout_loops_corners, first_ration,
          nicolae_gozag_cash_rules_everything_around_me, uniq_robin, uniq_ijyb

Skill      XL: |  1  2  3 |
---------------+----------+-----
Unarmed Combat | 1 2 3 |  3.6
Fighting       | 1 2 |  2.3
Dodging        | |  1.7
Stealth        | |  2.1
Spellcasting   | |  1.7
Conjurations   | |  0.7
Poison Magic   | |  3.0
Invocations    | |  0.1

Action                   |  1- 3 |  4- 6 || total
-------------------------+-------+-------++-------
Melee: Unarmed           |   161 |    52 ||   213
       Punch             |     2 |     1 ||     3
  Use: Scroll            |       |    11 ||    11
       Potion            |       |     1 ||     1
 Stab: Sleeping          |     2 |     1 ||     3
  Eat: Chunk             |    11 |     5 ||    16
Armor: Robe              |    15 |       ||    15
       Ring mail         |    43 |    10 ||    53
Dodge: Dodged            |    95 |    18 ||   113
